 Dungeon Crawl Stone Soup version 0.26-a0-651-gb41185065b (webtiles) character file.

Game seed: 240357931880818561

127306 Peloso the Peltast (level 16, -6/147 HPs)
             Began as a Minotaur Fighter on Sept 30, 2020.
             Was the Champion of Okawaru.
             Killed from afar by a starcursed mass (18 damage)
             ... with an accursed screaming
             ... on level 2 of the Abyss.
             The game lasted 01:18:58 (32031 turns).

Peloso the Peltast (Minotaur Fighter)              Turns: 32031, Time: 01:18:59

Health: -6/147     AC: 23    Str: 32    XL:     16   Next: 45%
Magic:  16/16      EV: 15    Int:  5    God:    Okawaru [******]
Gold:   2275       SH:  0    Dex: 19    Spells: 15/15 levels left

rFire    . . .     SeeInvis .   a - +4 demon blade (venom)
rCold    . . .     Faith    .   c - +0 kite shield
rNeg     . . .     Spirit   .   g - +1 chain mail {rPois}
rPois    +         Reflect  +   (helmet restricted)
rElec    +         Harm     .   r - +0 cloak of Faumojum {Dex+4}
rCorr    +         Rampage  .   V - +2 pair of gloves {Dex+3}
MR       ++...                  Q - +2 pair of boots of Jucweuge {rElec rCorr Stlth+}
Stlth    ..........             s - amulet of reflection
HPRegen  0.34/turn              u - ring of protection from magic
MPRegen  0.15/turn              G - +6 ring of strength

@: confused
A: retaliatory headbutt, horns 2
a: Heroism, Finesse, Renounce Religion


You were on level 2 of the Abyss.
You worshipped Okawaru.
Okawaru was exalted by your worship.
You visited 7 branches of the dungeon, and saw 28 of its levels.
You visited the Abyss 1 time.

You collected 2788 gold pieces.
You spent 513 gold pieces at shops.

Inventory:

Hand Weapons
 a - a +4 demon blade of venom (weapon)
 b - a +2 hand axe of flaming
Missiles
 p - 201 bolts
Armour
 c - a +0 kite shield (worn)
 g - a +1 chain mail of poison resistance (worn)
 r - the +0 cloak of Faumojum (worn) {Dex+4}
   (Okawaru gifted it to you on level 2 of the Abyss)

   It affects your dexterity (+4).
 v - a +0 cloak
 Q - the +2 pair of boots of Jucweuge (worn) {rElec rCorr Stlth+}
   (You found it on level 3 of the Lair of Beasts)

   It insulates you from electricity.
   It provides partial protection from all sources of acid and corrosion.
   It makes you more stealthy.
 V - a +2 pair of gloves of dexterity (worn)
Jewellery
 l - a +6 ring of dexterity
 s - an amulet of reflection (around neck)
 u - a ring of protection from magic (left hand)
 G - a +6 ring of strength (right hand)
 I - an uncursed ring of resist corrosion
 L - an uncursed ring of ice
 Z - an uncursed ring of fire
Wands
 n - a wand of disintegration (8)
 A - a wand of digging (3)
 O - a wand of flame (23)
Scrolls
 d - 2 scrolls of amnesia
 e - a scroll of holy word
 f - 2 scrolls of identify
 h - 12 scrolls of teleportation
 i - 2 scrolls of noise
 j - 17 scrolls of remove curse
 q - a scroll of enchant armour
 x - 5 scrolls of immolation
 B - 2 scrolls of enchant weapon
 D - 9 scrolls of magic mapping
 F - a scroll of blinking
 H - 2 scrolls of fear
Potions
 k - 14 potions of curing
 m - 4 potions of haste
 o - 2 potions of berserk rage
 z - 8 potions of flight
 P - a potion of resistance
 T - a potion of stabbing


   Skills:
 + Level 14.9 Fighting
 + Level 16.9 Long Blades
 + Level 2.2 Axes
 + Level 14.1 Armour
 + Level 7.7 Dodging
 + Level 2.6 Stealth
 + Level 20.2 Shields
 + Level 1.4 Invocations
 + Level 1.3 Evocations


You had 15 spell levels left.
You didn't know any spells.
Your spell library contained the following spells:

 Spells                   Type           Power        Failure   Level
 Beastly Appendage        Tmut           #.....       86%         1
 Corona                   Hex            #......      86%         1
 Magic Dart               Conj           #...         86%         1
 Shock                    Conj/Air       #...         86%         1
 Summon Small Mammal      Summ           #...         86%         1
 Blink                    Tloc           N/A          94%         2
 Call Imp                 Summ           #.......     94%         2
 Ensorcelled Hibernation  Hex/Ice        #.....       94%         2
 Searing Ray              Conj           #.....       94%         2
 Slow                     Hex            #.......     94%         2
 Swiftness                Air            #.......     94%         2
 Wereblood                Tmut           #.......     94%         2
 Call Canine Familiar     Summ           #.......     99%         3
 Confusing Touch          Hex            #.......     99%         3
 Conjure Flame            Conj/Fire      #.......     99%         3
 Dazzling Flash           Conj/Hex       #.....       99%         3
 Gell's Gravitas          Tloc           #.........   99%         3
 Ignite Poison            Fire/Tmut/Pois #.......     99%         3
 Mephitic Cloud           Conj/Pois/Air  #.......     99%         3
 Spider Form              Tmut/Pois      #.........   99%         3
 Static Discharge         Conj/Air       #.......     99%         3
 Summon Guardian Golem    Hex/Summ       #.......     99%         3
 Tukima's Dance           Hex            #.......     99%         3
 Airstrike                Air            #.........   100%        4
 Animate Dead             Necr           #.........   100%        4
 Fulminant Prism          Conj/Hex       #.........   100%        4
 Hailstorm                Conj/Ice       #.......     100%        4
 Ice Form                 Ice/Tmut       #.......     100%        4
 Iskenderun's Mystic Bla  Conj/Tloc      #.......     100%        4
 Petrify                  Tmut/Erth      #.......     100%        4
 Summon Ice Beast         Ice/Summ       #.......     100%        4
 Summon Lightning Spire   Summ/Air       #.......     100%        4
 Blade Hands              Tmut           #.........   100%        5
 Borgnjor's Vile Clutch   Necr/Erth      #.........   100%        5
 Lightning Bolt           Conj/Air       #.........   100%        5
 Metabolic Englaciation   Hex/Ice        #.........   100%        5
 Yara's Violent Unravell  Hex/Tmut       #.........   100%        5
 Conjure Ball Lightning   Conj/Air       #.........   100%        6
 Death Channel            Necr           #.........   100%        6
 Simulacrum               Ice/Necr       #.........   100%        6
 Starburst                Conj/Fire      #.........   100%        6


Dungeon Overview and Level Annotations

Branches:
Dungeon (15/15)            Temple (1/1) D:7            Lair (6/6) D:11
 Shoals (2/4) Lair:3       Spider (1/4) Lair:4        Slime (0/5) Lair:5
    Orc (2/2) D:12            Elf (1/3) Orc:2        Vaults (0/5) D:13
 Depths (0/5) D:15

Altars:
Ashenzari
Dithmenos
Elyvilon
Fedhas
Gozag
Kikubaaqudgha
Makhleb
Nemelex Xobeh
Okawaru
Qazlal
Ru
Sif Muna
Vehumet
Xom
Yredelemnul
Zin
Beogh
Jiyva

Shops:
D:9 *   Orc:1 *   Orc:2 }?[*

Portals:
Pandemonium: Orc:2


Innate Abilities, Weirdness & Mutations

You reflexively headbutt those who attack you in melee.
You have a pair of horns on your head.


Message History

You hit the starcursed mass but do no damage.
You headbutt the starcursed mass!
The starcursed mass is heavily damaged.
The starcursed mass shudders and is absorbed by its neighbour.
The tentacled starspawn barely misses you.
The tentacled starspawn engulfs you but does no damage.
Unknown command.
You slice the starcursed mass!! You headbutt the starcursed mass.
The starcursed mass is almost destroyed.
The starcursed mass shudders and is absorbed by its neighbour.
The golden eye blinks!
A starcursed mass splits.
The starcursed mass barely misses you.
Unknown command.
You bump into the stone wall.
A starcursed mass splits.
The tentacled starspawn bites you but does no damage.
The tentacled starspawn engulfs you but does no damage.
The golden eye blinks at you. You resist with almost no effort.
The starcursed mass barely misses you.
A cacophony of accursed wailing tears at your sanity!
You die...

##.##. #...# .
####.... . . .
##......## .#.#...
##..ยงยง....#.#
.... # #.
...#....# .. #. .
#......ww######.#.
. ...
#..#.#G#X#..#.. .
. .#...XX@# .. ..
#
.......GXXXX.....
# ......XX.##..###
.# #......#...# .#
# ###.......#..
.#.. #..##....#..
.. ### ......... .
# . ..#####.# .
### .#.


You could see 8 starcursed masses, a tentacled starspawn, 2 starspawn tentacles
and 2 golden eyes.

Vanquished Creatures
  Rupert (D:15)
  Agnes (D:15)
  Donald (Orc:2)
  A ghost moth (Spider:1)
  An entropy weaver (Spider:1)
  The ghost of Vuppis the Protected, a journeyman DsVM of Ashenzari (Lair:4)
  A dire elephant (Lair:3)
  Snorg (Orc:2)
  An ettin (D:12)
  A blizzard demon (Abyss:2)
  Josephine (Orc:2)
  4 hydras
  Harold (D:8)
  3 ice dragons
  3 centaur warriors
  The ghost of qipq the Covert, a journeyman OpVM of Gozag (D:12)
  An anaconda (Lair:6)
  A death knight (D:13)
  A merfolk aquamancer (Shoals:1)
  5 death yaks
  3 tengu warriors
  5 two-headed ogres
  A satyr (Shoals:2)
  4 orc high priests (Orc:2)
  Urug (D:10)
  A deep elf knight (D:12)
  2 sixfirhies (Abyss:2)
  A fire crab (Lair:5)
  2 gelid demonspawn (Orc:2)
  3 sea snakes (Shoals:1)
  An infernal demonspawn (Orc:2)
  3 unseen horrors
  An orange crystal statue (D:9)
  2 lindwurms
  3 harpies (Shoals:1)
  A deep elf mage (D:14)
  7 orc sorcerers (Orc:2)
  A phantasmal warrior (D:13)
  3 manticores
  6 wolf spiders
  7 ugly things
  5 orc knights
  5 cyclopes
  2 worldbinders (Abyss:2)
  3 fauns (Shoals:2)
  A moth of wrath (Spider:1)
  A rust devil (Abyss:2)
  2 merfolk sirens
  2 black mambas
  2 smoke demons (Abyss:2)
  2 elephants
  A gargoyle (D:13)
  An apocalypse crab (Abyss:2)
  9 cane toads
  7 torpor snails
  A kobold demonologist (D:14)
  A yaktaur (D:15)
  An orange demon (Abyss:2)
  4 rime drakes
  An ice devil (Orc:2)
  A freezing wraith (D:13)
  5 komodo dragons
  3 ancient zymes (Abyss:2)
  A red devil (Orc:2)
  A hydra zombie (Abyss:2)
  3 jumping spiders
  13 polar bears
  7 trolls
  2 wind drakes (Shoals:1)
  4 tyrant leeches (Lair:6)
  A jumping spider (shapeshifter) (D:14)
  A meliai (D:12)
  6 merfolk (Shoals:1)
  5 slime creatures
  7 raiju
  11 hippogriffs
  15 blink frogs
  12 hornets
  3 snapping turtles
  4 dream sheep
  3 water elementals
  6 wraiths
  A ynoxinul (Abyss:2)
  3 shadows
  2 redbacks
  2 spriggans (Lair:5)
  2 tarantellas (Spider:1)
  3 wyverns
  7 starcursed masses (Abyss:2)
  3 basilisks
  53 yaks
  A vampire (D:12)
  2 chaos spawn (Orc:2)
  4 golden eyes (Abyss:2)
  A neqoxec (Abyss:2)
  2 steam dragons (D:11)
  3 small abominations (Abyss:2)
  11 humans (D:13)
  Grum (D:9)
  2 insubstantial wisps (Abyss:2)
  4 vampire mosquitoes (D:14)
  2 acid dragons
  A soldier ant (D:14)
  8 wargs
  11 hell hounds (Lair:6)
  11 water moccasins
  4 ice beasts
  32 orc warriors
  6 porcupines
  3 sky beasts
  13 black bears
  An eye of draining (D:13)
  4 phantoms
  A necrophage (D:6)
  11 ogres
  11 centaurs
  22 wolves
  11 crocodiles
  A big kobold (D:6)
  20 bullfrogs
  2 wyvern zombies
  A wyvern skeleton (D:10)
  5 scorpions
  8 killer bees
  27 wights
  An electric eel (Lair:3)
  6 howler monkeys
  A bullfrog zombie (D:13)
  9 jellies
  2 quasits
  A centaur zombie (D:8)
  7 centaur skeletons
  7 hounds
  28 orc priests
  2 human zombies (D:9)
  18 orc wizards
  4 bullfrog skeletons
  6 iguanas
  4 human skeletons (D:9)
  9 worker ants
  A hound zombie (D:8)
  A mummy (D:9)
  A howler monkey skeleton (D:7)
  A worker ant zombie (D:9)
  4 gnolls (D:5)
  7 adders
  2 shadow imps
  2 white imps
  5 ufetubi
  18 oozes
  An adder zombie (D:6)
  4 worms
  A dart slug (D:4)
  2 leopard geckos
  81 orcs
  5 giant cockroaches
  8 goblins
  3 hobgoblins
  6 jackals
  7 quokkas
  3 ball pythons
  4 bats
  6 frilled lizards
  14 kobolds
  A leopard gecko skeleton (D:4)
  An orc skeleton (D:9)
  2 orc zombies (D:9)
  A quokka skeleton (D:9)
  6 rats
  A plant (Lair:1)
881 creatures vanquished.

Vanquished Creatures (others)
  A vault guard (D:13)
  An orc wizard (D:12)
  15 fungi
  72 plants
  6 starspawn tentacles (Abyss:2)
  14 toadstools (Lair:3)
109 creatures vanquished.

Grand Total: 990 creatures vanquished

Notes
Turn   | Place    | Note
-------+----------+-------------------------------------------
     0 | D:1      | Peloso the Minotaur Fighter began the quest for the Orb.
     0 | D:1      | Reached XP level 1. HP: 19/19 MP: 0/0
   345 | D:1      | Reached XP level 2. HP: 27/27 MP: 1/1
   876 | D:2      | Reached skill level 4 in Shields
   947 | D:2      | Reached XP level 3. HP: 33/33 MP: 2/2
  1982 | D:3      | Reached XP level 4. HP: 31/40 MP: 3/3
  1985 | D:3      | Found a shimmering altar of Xom.
  1985 | D:3      | Found a burning altar of Makhleb.
  2312 | D:3      | Reached XP level 5. HP: 47/47 MP: 4/4
  2653 | D:4      | Found a blossoming altar of Fedhas.
  2908 | D:4      | Reached skill level 5 in Armour
  3111 | D:4      | Reached skill level 1 in Dodging
  3178 | D:5      | Entered Level 5 of the Dungeon
  3368 | D:5      | Reached skill level 5 in Shields
  3368 | D:5      | Reached XP level 6. HP: 52/53 MP: 5/5
  3611 | D:5      | Reached skill level 5 in Long Blades
  3895 | D:5      | Found a shadowy altar of Dithmenos.
  4113 | D:6      | Reached XP level 7. HP: 60/60 MP: 6/6
  4287 | D:6      | Reached skill level 6 in Shields
  4425 | D:6      | Reached skill level 5 in Fighting
  5356 | D:6      | Reached XP level 8. HP: 66/68 MP: 7/7
  5363 | D:7      | Reached skill level 7 in Shields
  5530 | D:7      | Found a white marble altar of Elyvilon.
  5555 | D:7      | Noticed a hippogriff
  5571 | D:7      | Killed a hippogriff
  5614 | D:7      | Reached skill level 8 in Shields
  5819 | D:7      | Found a staircase to the Ecumenical Temple.
  5844 | Temple   | Entered the Ecumenical Temple
  5881 | Temple   | Became a worshipper of Warmaster Okawaru
  6102 | D:8      | Reached XP level 9. HP: 62/74 MP: 8/8
  6267 | D:8      | Reached skill level 9 in Shields
  6338 | D:8      | Reached skill level 1 in Stealth
  6352 | D:8      | Reached * piety under Okawaru
  6552 | D:8      | Noticed Harold
  6576 | D:8      | Killed Harold
  6576 | D:8      | Reached skill level 10 in Long Blades
  6576 | D:8      | Reached skill level 10 in Shields
  6860 | D:8      | Found an ancient bone altar of Kikubaaqudgha.
  7076 | D:8      | Reached ** piety under Okawaru
  7300 | D:9      | Reached XP level 10. HP: 62/84 MP: 9/9
  7324 | D:9      | Got a heavily runed chain mail
  7335 | D:9      | Identified the +1 chain mail of the Abyss {rPois rC- Int+5}
                  | (You found it on level 9 of the Dungeon)
  7633 | D:9      | Found Qyeqan's Assorted Antiques.
  7636 | D:9      | Bought a scroll labeled JASMAMAT GASM for 22 gold pieces
  7636 | D:9      | Bought a scroll of magic mapping for 77 gold pieces
  7673 | D:9      | Noticed Grum
  7688 | D:9      | Killed Grum
  7688 | D:9      | Reached *** piety under Okawaru
  7688 | D:9      | Reached skill level 11 in Shields
  7710 | D:9      | Noticed an orange crystal statue
  7840 | D:9      | Noticed a two-headed ogre
  7851 | D:9      | Killed a two-headed ogre
  7962 | D:9      | Found a basalt altar of Yredelemnul.
  8270 | D:10     | Entered Level 10 of the Dungeon
  8318 | D:10     | Reached **** piety under Okawaru
  8514 | D:10     | Noticed Urug
  8521 | D:10     | Killed Urug
  8639 | D:10     | Reached XP level 11. HP: 92/92 MP: 10/10
  9018 | D:11     | Reached skill level 12 in Shields
  9061 | D:11     | Reached ***** piety under Okawaru
  9075 | D:11     | Reached skill level 1 in Evocations
  9119 | D:11     | Noticed a death yak
  9135 | D:11     | Killed a death yak
  9136 | D:11     | Found a staircase to the Lair.
  9276 | D:11     | Received a gift from Okawaru
  9546 | D:11     | Noticed a brown ugly thing
  9556 | D:11     | Killed a brown ugly thing
  9754 | D:11     | Noticed a green ugly thing
  9764 | D:11     | Killed a green ugly thing
 10074 | D:12     | Noticed a deep elf knight
 10074 | D:12     | Noticed a white ugly thing
 10074 | D:12     | Noticed an ettin
 10080 | D:12     | Found a runed translucent door.
 10087 | D:12     | Noticed a centaur warrior
 10088 | D:12     | Noticed an orc knight
 10107 | D:12     | Found a runed translucent gate.
 10107 | D:12     | Found a runed translucent gate.
 10109 | D:12     | Found a runed translucent gate.
 10111 | D:12     | Identified the +6 battleaxe "Fajiylod" {antimagic, +Blink
                  | +Rage rN+}
 10111 | D:12     | Identified the cursed +0 chain mail of Compassion {rN+
                  | Str-2 SInv}
 10112 | D:12     | Noticed qipq's ghost (journeyman OpVM)
 10113 | D:12     | Found a roughly hewn altar of Beogh.
 10196 | D:12     | Noticed a two-headed ogre
 10203 | D:12     | Killed a two-headed ogre
 10203 | D:12     | Reached skill level 13 in Shields
 10248 | D:12     | Noticed a green ugly thing
 10270 | D:12     | Killed a green ugly thing
 10597 | D:12     | Found a staircase to the Orcish Mines.
 11015 | Lair:1   | Entered Level 1 of the Lair of Beasts
 11145 | Lair:1   | Reached XP level 12. HP: 103/103 MP: 11/11
 11930 | Lair:2   | Reached skill level 14 in Shields
 11945 | Lair:2   | Received a gift from Okawaru
 11948 | Lair:2   | Got a glimmering chain mail {god gift}
 11959 | Lair:2   | Identified the +3 chain mail of Recklessness {rElec MP+9}
                  | (Okawaru gifted it to you on level 2 of the Lair of Beasts)
 12759 | Lair:2   | Found a sparkling altar of Nemelex Xobeh.
 13408 | Lair:3   | Reached skill level 10 in Fighting
 13548 | Lair:3   | Found a staircase to the Shoals.
 13627 | Lair:3   | Noticed an eight-headed hydra
 13639 | Lair:3   | Killed a one-headed hydra
 13639 | Lair:3   | Reached skill level 10 in Armour
 13643 | Lair:3   | Reached skill level 1 in Axes
 13823 | Lair:3   | Noticed a seven-headed hydra
 13830 | Lair:3   | Killed a four-headed hydra
 13830 | Lair:3   | Reached skill level 15 in Shields
 14011 | Lair:3   | Noticed a dire elephant
 14031 | Lair:3   | Found a runed translucent door.
 14444 | Lair:4   | Found a runed translucent door.
 14445 | Lair:4   | Noticed Vuppis's ghost (journeyman DsVM)
 14458 | Lair:4   | Reached XP level 13. HP: 85/113 MP: 12/12
 14840 | Lair:4   | You fall into a shaft and drop 2 floors!
 14840 | Lair:6   | Entered Level 6 of the Lair of Beasts
 15144 | Lair:6   | Received a gift from Okawaru
 15206 | Lair:5   | Reached skill level 5 in Dodging
 15280 | Lair:5   | Reached ****** piety under Okawaru
 15290 | Lair:5   | Found a runed translucent door.
 15291 | Lair:5   | Found a viscous altar of Jiyva.
 15291 | Lair:5   | Found a staircase to the Slime Pits.
 15873 | Lair:5   | Reached skill level 16 in Shields
 16120 | Lair:5   | Received a gift from Okawaru
 16689 | Lair:4   | Found a hole to the Spider Nest.
 16698 | Lair:4   | Reached skill level 15 in Long Blades
 17121 | Lair:3   | Killed a dire elephant
 17166 | Lair:3   | Got a pair of fine boots
 17177 | Lair:3   | Identified the +2 pair of boots of Jucweuge {rElec rCorr
                  | Stlth+} (You found it on level 3 of the Lair of Beasts)
 17495 | D:13     | Received a gift from Okawaru
 17945 | D:13     | You fall into a shaft and drop 2 floors!
 17945 | D:15     | Entered Level 15 of the Dungeon
 18011 | D:15     | Reached XP level 14. HP: 91/124 MP: 13/13
 18146 | D:14     | Received a gift from Okawaru
 18186 | D:14     | Reached skill level 17 in Shields
 18771 | D:13     | Found a gate to the Vaults.
 19415 | D:9      | Lost intelligence.
 19906 | D:9      | Received a gift from Okawaru
 20068 | Orc:1    | Entered Level 1 of the Orcish Mines
 20076 | Orc:1    | Found Ilanwo's Mayhem Merchandise.
 20321 | Orc:2    | Entered Level 2 of the Orcish Mines
 20351 | Orc:2    | Noticed Josephine
 20359 | Orc:2    | Killed Josephine
 20797 | Orc:2    | Found a staircase to the Elven Halls.
 20809 | Orc:2    | Noticed Snorg
 20821 | Orc:2    | Killed Snorg
 20898 | Orc:2    | Found Iguty's Magic Scroll Emporium.
 21106 | Orc:2    | Found Hijufas's General Store.
 21223 | Orc:2    | Bought a scroll of amnesia for 49 gold pieces
 21223 | Orc:2    | Bought a scroll of identify for 28 gold pieces
 21223 | Orc:2    | Bought a scroll of magic mapping for 49 gold pieces
 21298 | Orc:2    | Bought a scroll of identify for 24 gold pieces
 21815 | Orc:2    | Noticed Donald
 21834 | Orc:2    | Killed Donald
 21834 | Orc:2    | Reached skill level 18 in Shields
 22206 | Orc:2    | Found Joir Otav's Gadget Boutique.
 22206 | Orc:2    | Found Ammoazuz's Antique Armour Shop.
 22206 | Orc:2    | Found a one-way gate leading to the halls of Pandemonium.
 22220 | Orc:2    | Received a gift from Okawaru
 22240 | Orc:2    | Bought a wand of digging (7) for 264 gold pieces
 22845 | D:15     | Reached skill level 1 in Invocations
 22897 | D:15     | Noticed Agnes
 22912 | D:15     | Killed Agnes
 22912 | D:15     | Reached XP level 15. HP: 85/135 MP: 0/14
 23071 | D:15     | Found a glowing silver altar of Zin.
 23587 | D:15     | Found a staircase to the Depths.
 23638 | D:15     | Noticed Rupert
 23642 | D:15     | Paralysed by Rupert for 7 turns
 23656 | D:15     | Killed Rupert
 24818 | D:12     | Killed qipq's ghost
 25602 | Lair:4   | Killed Vuppis's ghost
 25832 | Lair:6   | Received a gift from Okawaru
 26179 | Lair:6   | Reached skill level 19 in Shields
 26428 | Lair:6   | Found a runed translucent door.
 28370 | Shoals:1 | Entered Level 1 of the Shoals
 28708 | Shoals:1 | Reached XP level 16. HP: 134/147 MP: 16/16
 28848 | Shoals:1 | You fall into a shaft and drop 1 floor!
 28864 | Shoals:2 | Received a gift from Okawaru
 29054 | Shoals:1 | Identified the Grimoire of Excruciating Fire
 29606 | Spider:1 | Entered Level 1 of the Spider Nest
 30139 | Spider:1 | Reached skill level 20 in Shields
 31233 | Elf:1    | Entered Level 1 of the Elven Halls
 31238 | Elf:1    | Cast into level 2 of the Abyss (a deep elf demonologist)
 31526 | Abyss:2  | Paralysed by accursed screaming for 1 turns
 31530 | Abyss:2  | Paralysed by accursed screaming for 1 turns
 31555 | Abyss:2  | Paralysed by accursed screaming for 1 turns
 31706 | Abyss:2  | Noticed a tentacled starspawn
 31819 | Abyss:2  | Received a gift from Okawaru
 31822 | Abyss:2  | Got a heavily runed cloak {god gift}
 31833 | Abyss:2  | Identified the +0 cloak of Faumojum {Dex+4} (Okawaru gifted
                  | it to you on level 2 of the Abyss)
 32005 | Abyss:2  | Noticed a tentacled starspawn
 32026 | Abyss:2  | Paralysed by accursed screaming for 2 turns
 32031 | Abyss:2  | Killed from afar by a starcursed mass

Illustrated notes

Levels and vault maps discovered:
D:1:      eino_arrival_water_cross, layout_loops_cross
D:2:      layout_basic
D:3:      layout_rooms, xom_teletrap_fun, makhleb_heckhound_becter
D:4:      layout_basic, fedhas_altar_2
D:5:      layout_loops_ring, grunt_dithmenos_smoke
D:6:      layout_basic
D:7:      layout_rooms, elyvilon_altar_3, minmay_temple_entry_stoned_glass
D:8:      layout_basic, basic_altar, uniq_harold
D:9:      layout_roguey, lemuel_mausoleum_altar_yredelemnul, serial_shops,
          nicolae_shop_behind_doors, minmay_statue_bubble, uniq_grum
D:10:     layout_roguey, uniq_urug
D:11:     layout_loops_ring, david_lair_generic, chequers_garden
D:12:     layout_loops_ring, orc_0_dummy, biasface_ghost_orc_armoury,
          minmay_st_funbox
D:13:     layout_basic, ximxim_vaults_locker_room, minmay_splitting_lines,
          minmay_misc_feat_diagonals
D:14:     layout_loops_ring
D:15:     grunt_enter_depths_hoard, layout_loops_ring, minmay_stone_trees_small,
          basic_altar, uniq_agnes, uniq_rupert
Temple:   eino_narrow_crystal_temple
Lair:1:   lemuel_slime, layout_cave_shapes
Lair:2:   layout_small_grid, basic_altar
Lair:3:   gammafunk_lair_enchanted_lake, layout_misc_corridors,
          minmay_shoals_entry_hut, infiniplex_staircase_pool_2
Lair:4:   layout_small_grid, spider_nest_entry_funnel_web,
          hellmonk_ghost_happy_afterlife
Lair:5:   layout_roguey, slime_altar_2, forest_entry_grove,
          serial_bayou_shore_b, infiniplex_staircase_pool, grunt_megastairs_2
Lair:6:   hangedman_lair_caniforms_friends, layout_cave_pods, wormcave,
          minivault_25, lemuel_fruit_tree
Shoals:1: layout_shoals
Shoals:2: layout_shoals
Spider:1: layout_spider_delve
Orc:1:    layout_caves, minmay_shop_mayhem
Orc:2:    pf_orc_diabolical, layout_diamond_mine, uniq_donald, uniq_snorg,
          uniq_josephine
Elf:1:    layout_geoelf_grid, ebering_ghost_gozag, serial_shops, shop,
          hangedman_corner_corridor, hangedman_elven_ridges, drop_trap
Abyss:2:  base: Spider:4, evilmike_abyss_exit_kraken

Skill      XL: |  1  2  3  4  5  6  7  8  9 10 11 12 13 14 15 16 |
---------------+-------------------------------------------------+-----
Fighting       | 4 5 6 7 8 10 11 13 14 | 14.9
Shields        | 4 5 6 8 10 11 13 15 16 18 19 20 | 20.2
Armour         | 4 5 6 7 8 10 11 12 13 14 | 14.1
Long Blades    | 3 4 6 7 8 10 12 14 15 16 | 16.9
Dodging        | 1 2 3 4 5 6 7 |  7.7
Stealth        | 1 2 |  2.6
Evocations     | 1 |  1.3
Axes           | 1 2 |  2.2
Invocations    | 1 |  1.4

Action                   |  1- 3 |  4- 6 |  7- 9 | 10-12 | 13-15 | 16-18 || total
-------------------------+-------+-------+-------+-------+-------+-------++-------
Melee: Long sword        |    89 |   118 |   325 |   846 |   209 |       ||  1587
       Headbutt          |    14 |    21 |   102 |   283 |   515 |   106 ||  1041
       Hand axe          |       |       |       |    13 |    12 |       ||    25
       Demon blade       |       |       |       |       |  1224 |   277 ||  1501
Invok: Heroism           |       |       |       |     3 |    11 |     2 ||    16
Evoke: Wand              |       |       |     1 |     6 |     5 |       ||    12
  Use: Potion            |     3 |       |       |       |     3 |     3 ||     9
       Scroll            |     3 |     3 |     6 |     9 |    12 |     2 ||    35
 Stab: Paralysed         |       |       |       |       |     2 |       ||     2
Armor: Scale mail        |     7 |       |       |       |       |       ||     7
       Chain mail        |    49 |    58 |   147 |   191 |   356 |   109 ||   910
Dodge: Dodged            |     8 |    25 |    65 |   152 |   345 |    88 ||   683
Block: Kite shield       |    41 |   115 |   300 |   640 |  1236 |   259 ||  2591
       Reflection        |       |     1 |     2 |    11 |    50 |     8 ||    72
       Rpst.: Long sword |     2 |     4 |    19 |    46 |    14 |       ||    85
       Demon blade       |       |       |       |       |    53 |    20 ||    73

Table legend: (Time is in decaauts)
 A = Elapsed time spent in this place.
 B = Non-inter-level travel time spent in this place.
 C = Inter-level travel time spent in this place.
 D = Time resting spent in this place.
 E = Time spent auto-exploring this place.
 F = Levels seen in this place.
 G = Mean time per level.
                   A        B        C        D        E       F      G
               +--------+--------+--------+--------+--------+-----+--------+
         Total |  32005 |  30000 |   2005 |   2185 |  20748 |  29 | 1103.6 |
       Dungeon |  16529 |  15423 |   1106 |   1480 |  10372 |  15 | 1101.9 |
        Temple |     59 |     59 |      0 |      0 |     21 |   1 |   59.0 |
          Lair |   9419 |   8696 |    723 |    315 |   6245 |   6 | 1569.8 |
        Shoals |   1152 |   1125 |     27 |      5 |    850 |   2 |  576.0 |
   Spider Nest |   1290 |   1226 |     64 |      0 |   1125 |   1 | 1290.0 |
  Orcish Mines |   2816 |   2733 |     83 |    312 |   1770 |   2 | 1408.0 |
   Elven Halls |      4 |      4 |      0 |      0 |      4 |   1 |    4.0 |
         Abyss |    733 |    733 |      0 |     73 |    359 |   1 |  733.0 |
               +--------+--------+--------+--------+--------+-----+--------+

Top non-repeatable levels by time:
  Lair:6: 2467 daAuts
   Orc:2: 2295 daAuts
    D:12: 2062 daAuts
     D:9: 2021 daAuts
  Lair:4: 1535 daAuts
  Lair:3: 1516 daAuts
  Lair:2: 1483 daAuts
    D:15: 1439 daAuts
Spider:1: 1290 daAuts
     D:6: 1267 daAuts
  Lair:5: 1218 daAuts
    D:13: 1204 daAuts
  Lair:1: 1197 daAuts
     D:2: 1189 daAuts
     D:8: 1180 daAuts
